Devils vs Stars
Created - February 18, 2024 at 22:23
Goals
|
| Devils |
2 |
1 |
1 |
4 |
| Stars |
0 |
1 |
0 |
1 |
|
Shots
|
| Devils |
15 |
6 |
12 |
33 |
| Stars |
6 |
5 |
14 |
25 |
|
1st period
1. Devils , Nazem Kadri 24 (Tyler Ennis 35) at 8:05
2. Devils , Tyler Ennis 36 (Nazem Kadri 40) at 16:11 (PP)
Penalties :
Evgeny Grachev (Dal) for Holding (Minor) at 15:02
2nd period
3. Stars , Alex Chiasson 4 (Brian Lee 9, Evgeny Kuznetsov 4) at 10:57
4. Devils , Jonathan Huberdeau 22 (Sean Monahan 25, Anton Stralman 10) at 11:39
Penalties :
Andrew Ladd (Dal) for Tripping (Minor) at 13:57
3rd period
5. Devils , Nick Palmieri 15 (Nazem Kadri 41, Tyler Ennis 36) at 5:20
Penalties :
No Penalty
Goalie Stats
Jonathan Quick (N.J), 24 saves from 25 shots - (0.960), W, 19-8-5, 60:00 minutes
Matt Murray (Dal), 29 saves from 33 shots - (0.879), L, 16-16-4, 60:00 minutes
Players Stats for Devils
Player Name G A P +/- PIM S H SB GA TA FO MP PP MP PK MP
------------------------------------------------------------------------------------
Anton Lander 0 0 0 -1 0 1 0 1 0 0 0/4 11:13 0:00 0:00
Anton Stralman 0 1 1 1 0 0 1 0 1 0 0/0 22:01 0:00 0:00
Brandon Carlo 0 0 0 0 0 0 0 0 0 0 0/0 18:08 0:00 0:00
Brayden Point 0 0 0 0 0 2 0 1 0 1 3/4 14:40 3:04 0:00
Eric Tangradi 0 0 0 -1 0 2 1 0 1 1 0/0 10:56 0:00 0:00
Jonathan Huberdeau 1 0 1 1 0 3 1 1 0 0 1/1 16:35 0:04 0:00
Kristopher Letang 0 0 0 1 0 1 0 1 0 0 0/0 23:05 2:08 0:00
Logan Shaw 0 0 0 0 0 2 0 0 0 0 1/1 11:53 0:00 0:00
Matt Donovan 0 0 0 1 0 0 1 2 1 1 0/0 18:47 1:00 0:00
Michael Del Zotto 0 0 0 0 0 1 2 1 1 0 0/0 19:12 2:08 0:00
Nail Yakupov 0 0 0 -1 0 1 0 0 0 0 0/0 10:56 0:00 0:00
Nazem Kadri 1 2 3 2 0 5 0 0 0 1 11/20 20:36 3:04 0:00
Nick Palmieri 1 0 1 2 0 3 3 0 0 0 1/2 17:32 0:00 0:00
Ondrej Kase 0 0 0 1 0 2 0 0 1 1 0/1 16:35 0:04 0:00
Sean Monahan 0 1 1 1 0 3 2 0 1 0 7/14 16:35 0:04 0:00
Sven Baertschi 0 0 0 0 0 2 0 0 1 0 1/1 11:53 0:00 0:00
Thomas Hickey 0 0 0 1 0 0 1 1 0 0 0/0 18:47 1:00 0:00
Tyler Ennis 1 2 3 2 0 5 2 1 1 0 0/0 20:36 3:04 0:00
Players Stats for Stars
Player Name G A P +/- PIM S H SB GA TA FO MP PP MP PK MP
------------------------------------------------------------------------------------
Alex Chiasson 1 0 1 -1 0 1 1 0 0 1 0/0 16:09 0:00 0:00
Andrej Sustr 0 0 0 -3 0 1 5 0 0 3 0/0 25:54 0:00 1:30
Andrew Ladd 0 0 0 0 2 1 0 0 0 0 0/1 12:42 0:00 0:25
Ben Chiarot 0 0 0 1 0 1 6 1 0 0 0/0 19:09 0:00 1:38
Boris Valabik 0 0 0 -3 0 0 1 2 0 0 0/0 25:54 0:00 1:30
Brian Lee 0 1 1 0 0 0 0 0 1 0 0/0 14:57 0:00 0:00
Cam Atkinson 0 0 0 0 0 1 0 0 1 0 1/2 12:00 0:00 0:00
Evgeny Grachev 0 0 0 -1 2 5 2 2 0 1 6/16 20:12 0:00 0:51
Evgeny Kuznetsov 0 1 1 0 0 1 0 1 0 0 3/4 12:16 0:00 0:16
Guillaume Latendresse 0 0 0 -1 0 2 3 0 0 1 1/2 21:32 0:00 1:52
Henrik Borgstrom 0 0 0 0 0 1 0 0 0 0 2/4 9:03 0:00 0:00
John Tavares 0 0 0 -1 0 0 2 3 0 0 6/14 18:19 0:00 1:52
Jonathan Drouin 0 0 0 -1 0 2 2 0 0 0 2/2 17:09 0:00 1:00
Michael Grabner 0 0 0 -1 0 5 1 0 1 0 2/3 19:22 0:00 0:00
Paul Ladue 0 0 0 1 0 0 3 3 0 0 0/0 19:09 0:00 1:38
Scott Kosmachuck 0 0 0 0 0 1 0 0 2 0 0/0 9:03 0:00 0:00
Tobias Rieder 0 0 0 0 0 2 0 0 0 1 0/0 9:03 0:00 0:00
Tyler Wotherspoon 0 0 0 0 0 1 0 1 0 1 0/0 14:57 0:00 0:00
3 Stars
1 - Tyler Ennis (N.J)
2 - Nazem Kadri (N.J)
3 - Nick Palmieri (N.J)
Power Play
Devils - 1 on 2 Attempt(s) - 50.00%
Stars - 0 on 0 Attempt(s) - 0.00%
Penalty Kill
Devils - 0 on 0 Attempt(s) - 0.00%
- Score 0 goal in Penalty Kill
Stars - 1 on 2 Attempt(s) - 50.00%
- Score 0 goal in Penalty Kill
Team Stat
Devils - Hits : 14 - Faceoff Wins : 25 - Blocked Shots : 9 - Penalty Minutes : 0
Stars - Hits : 26 - Faceoff Wins : 23 - Blocked Shots : 13 - Penalty Minutes : 4
Official
Referees : Jacob Brenk and Chris Rooney
Linesman : James Tobias and Steve Barton
Game Notes
No Game Note
Finance
Level 1 -- Attendance: 6000 (100.00%) -- Ticket Income $600,000
Level 2 -- Attendance: 4527 (90.54%) -- Ticket Income $271,620
Level 3 -- Attendance: 2000 (100.00%) -- Ticket Income $70,000
Level 4 -- Attendance: 3711 (92.78%) -- Ticket Income $92,775
Luxury Box -- Attendance: 947 (94.70%) -- Ticket Income $189,400
Game was played at the American Airlines Center.
Total Attendance: 17185 (95.47%)
Total Ticket Income: $1,223,795
Other Income: $183,569
Total Income: $1,407,364
Devils
5 vs 5 Forward
Center Left Wing Right Wing Time % Phy DF OF
1 Nazem Kadri Tyler Ennis Nick Palmieri 36 0 2 3
2 Sean Monahan Jonathan Huberdeau Ondrej Kase 28 0 2 3
3 Brayden Point Sven Baertschi Logan Shaw 22 0 2 3
4 Anton Lander Eric Tangradi Nail Yakupov 14 0 2 3
5 vs 5 Defense
Defense Defense Time % Phy DF OF
1 Anton Stralman Kristopher Letang 38 1 3 1
2 Brandon Carlo Michael Del Zotto 32 1 3 1
3 Matt Donovan Thomas Hickey 30 1 3 1
4 Brandon Carlo Kristopher Letang 0 1 3 1
PowerPlay Forward
Center Left Wing Right Wing Time % Phy DF OF
1 Nazem Kadri Tyler Ennis Brayden Point 60 0 0 5
2 Sean Monahan Jonathan Huberdeau Ondrej Kase 40 0 0 5
PowerPlay Defense
Defense Defense Time % Phy DF OF
1 Michael Del Zotto Kristopher Letang 60 0 2 3
2 Thomas Hickey Matt Donovan 40 0 2 3
Penalty Kill 4 Players Forward
Center Wing Time % Phy DF OF
1 Anton Lander Logan Shaw 60 1 3 1
2 Nazem Kadri Tyler Ennis 40 1 3 1
Penalty Kill 4 Players Defense
Defense Defense Time % Phy DF OF
1 Brandon Carlo Anton Stralman 60 1 4 0
2 Matt Donovan Thomas Hickey 40 1 4 0
Penalty Kill - 3 Players Forward
Forward Time % Phy DF OF
1 Nazem Kadri 60 0 4 1
2 Sean Monahan 40 0 4 1
Penalty Kill - 3 Players Defense
Defense Defense Time % Phy DF OF
1 Brandon Carlo Anton Stralman 60 1 4 0
2 Matt Donovan Kristopher Letang 40 1 4 0
4 vs 4 Forward
Center Wing Time % Phy DF OF
1 Nazem Kadri Tyler Ennis 60 0 2 3
2 Sean Monahan Jonathan Huberdeau 40 0 2 3
4 vs 4 Defense
Defense Defense Time % Phy DF OF
1 Anton Stralman Kristopher Letang 60 0 3 2
2 Brandon Carlo Michael Del Zotto 40 0 3 2
Last Minutes Offensive
Center Left Wing Right Wing Defense Defense
Nazem Kadri Tyler Ennis Nick Palmieri Brandon Carlo Kristopher Letang
Last Minutes Defensive
Center Left Wing Right Wing Defense Defense
Nazem Kadri Tyler Ennis Nick Palmieri Brandon Carlo Kristopher Letang
Goaltenders
Starting : Jonathan Quick
Backup : Thomas McCollum
Extra Forwards
Normal : Brayden Point, Nail Yakupov, Logan Shaw - PP : Nick Palmieri, Brayden Point - PK : Nick Palmieri
Extra Defensemen
Normal : Anton Stralman, Brandon Carlo, Michael Del Zotto - PP : Anton Stralman - PK : Anton Stralman, Thomas Hickey
Penalty Shots
Tyler Ennis, Sean Monahan, Nazem Kadri, Nick Palmieri, Brayden Point
Custom OT Lines Forwards
Nazem Kadri, Tyler Ennis, Jonathan Huberdeau, Sean Monahan, Brayden Point, Nick Palmieri, Logan Shaw, Ondrej Kase, Anton Lander, Nail Yakupov
Custom OT Lines Defensemen
Brandon Carlo, Kristopher Letang, Michael Del Zotto, Anton Stralman, Matt Donovan
Scratches
Damon Severson (Healthy), Miikka Salomaki (Healthy), Calvin Pickard (Healthy)
Stars
5 vs 5 Forward
Center Left Wing Right Wing Time % Phy DF OF
1 Evgeny Grachev Guillaume Latendresse Michael Grabner 40 1 2 2
2 John Tavares Jonathan Drouin Alex Chiasson 30 1 2 2
3 Evgeny Kuznetsov Andrew Ladd Cam Atkinson 20 1 2 2
4 Henrik Borgstrom Tobias Rieder Scott Kosmachuck 10 1 2 2
5 vs 5 Defense
Defense Defense Time % Phy DF OF
1 Andrej Sustr Boris Valabik 40 1 2 2
2 Paul Ladue Ben Chiarot 30 1 2 2
3 Brian Lee Tyler Wotherspoon 20 1 2 2
4 Andrej Sustr Boris Valabik 10 1 2 2
PowerPlay Forward
Center Left Wing Right Wing Time % Phy DF OF
1 John Tavares Guillaume Latendresse Michael Grabner 60 0 2 3
2 Evgeny Grachev Andrew Ladd Alex Chiasson 40 0 2 3
PowerPlay Defense
Defense Defense Time % Phy DF OF
1 Andrej Sustr Boris Valabik 60 1 2 2
2 Paul Ladue Ben Chiarot 40 1 2 2
Penalty Kill 4 Players Forward
Center Wing Time % Phy DF OF
1 John Tavares Guillaume Latendresse 60 1 2 2
2 Evgeny Grachev Andrew Ladd 40 1 2 2
Penalty Kill 4 Players Defense
Defense Defense Time % Phy DF OF
1 Andrej Sustr Boris Valabik 60 0 3 2
2 Paul Ladue Ben Chiarot 40 0 3 2
Penalty Kill - 3 Players Forward
Forward Time % Phy DF OF
1 John Tavares 60 1 2 2
2 Evgeny Grachev 40 1 2 2
Penalty Kill - 3 Players Defense
Defense Defense Time % Phy DF OF
1 Andrej Sustr Boris Valabik 60 0 3 2
2 Paul Ladue Ben Chiarot 40 0 3 2
4 vs 4 Forward
Center Wing Time % Phy DF OF
1 John Tavares Guillaume Latendresse 60 0 2 3
2 Evgeny Grachev Andrew Ladd 40 0 2 3
4 vs 4 Defense
Defense Defense Time % Phy DF OF
1 Andrej Sustr Boris Valabik 60 1 2 2
2 Paul Ladue Ben Chiarot 40 1 2 2
Last Minutes Offensive
Center Left Wing Right Wing Defense Defense
John Tavares Guillaume Latendresse Michael Grabner Andrej Sustr Boris Valabik
Last Minutes Defensive
Center Left Wing Right Wing Defense Defense
John Tavares Guillaume Latendresse Michael Grabner Andrej Sustr Boris Valabik
Goaltenders
Starting : Matt Murray
Backup : Jhonas Enroth
Extra Forwards
Normal : Andrew Ladd, Jonathan Drouin, Tobias Rieder - PP : Andrew Ladd, Jonathan Drouin - PK : Andrew Ladd
Extra Defensemen
Normal : Ben Chiarot, Brian Lee, Tyler Wotherspoon - PP : Ben Chiarot - PK : Ben Chiarot, Brian Lee
Penalty Shots
John Tavares, Michael Grabner, Guillaume Latendresse, Alex Chiasson, Andrew Ladd
Custom OT Lines Forwards
John Tavares, Michael Grabner, Guillaume Latendresse, Alex Chiasson, Andrew Ladd, Jonathan Drouin, Tobias Rieder, Evgeny Grachev, Cam Atkinson, Scott Kosmachuck
Custom OT Lines Defensemen
Andrej Sustr, Boris Valabik, Paul Ladue, Ben Chiarot, Brian Lee
Scratches
None
% Time on Ice - Devils
Lines # - Real PCT - Wanted PCT - Time Play
Normal Forward
1 - 31% - 36% - 17:32
2 - 29% - 28% - 16:31
3 - 21% - 22% - 11:53
4 - 19% - 14% - 10:56
Normal Defense
1 - 37% - 38% - 20:57
2 - 33% - 32% - 19:02
3 - 30% - 30% - 16:53
4 - 0% - 0% - 0:00
PP Forward
1 - 98% - 60% - 3:04
2 - 2% - 40% - 0:04
PP Defense
1 - 68% - 60% - 2:08
2 - 32% - 40% - 1:00
PK Forward
1 - 0% - 60%
2 - 0% - 40%
PK Defense
1 - 0% - 60%
2 - 0% - 40%
PK3 Forward
1 - 0% - 60%
2 - 0% - 40%
PK3 Defense
1 - 0% - 60%
2 - 0% - 40%
44 Forward
1 - 0% - 60%
2 - 0% - 40%
44 Defense
1 - 0% - 60%
2 - 0% - 40%
Last Minute Offensive - 0:00
Last Minute Defensive - 0:00
Total
Forward - 60:00
Defense - 60:00
|
% Time on Ice - Stars
Lines # - Real PCT - Wanted PCT - Time Play
Normal Forward
1 - 35% - 40% - 19:40
2 - 28% - 30% - 16:09
3 - 21% - 20% - 12:00
4 - 16% - 10% - 9:03
Normal Defense
1 - 37% - 40% - 21:07
2 - 31% - 30% - 17:31
3 - 26% - 20% - 14:57
4 - 6% - 10% - 3:17
PP Forward
1 - 0% - 60%
2 - 0% - 40%
PP Defense
1 - 0% - 60%
2 - 0% - 40%
PK Forward
1 - 78% - 60% - 2:27
2 - 22% - 40% - 0:41
PK Defense
1 - 48% - 60% - 1:30
2 - 52% - 40% - 1:38
PK3 Forward
1 - 0% - 60%
2 - 0% - 40%
PK3 Defense
1 - 0% - 60%
2 - 0% - 40%
44 Forward
1 - 0% - 60%
2 - 0% - 40%
44 Defense
1 - 0% - 60%
2 - 0% - 40%
Last Minute Offensive - 0:00
Last Minute Defensive - 0:00
Total
Forward - 60:00
Defense - 60:00
|
Play-by-Play
1st period
0:01 of 1st period - Nazem Kadri wins face-off versus Evgeny Grachev in neutral zone.
0:05 of 1st period - Wrist shot by Nazem Kadri.
0:05 of 1st period - Shot Blocked by Boris Valabik.
0:07 of 1st period - Snap shot by Nazem Kadri.
0:07 of 1st period - Stopped by Matt Murray with a rebound.
0:09 of 1st period - Slapshot by Nazem Kadri.
0:09 of 1st period - Stopped by Matt Murray with a rebound.
0:11 of 1st period - Wrist shot by Nazem Kadri.
0:11 of 1st period - Shot Misses the Net.
0:15 of 1st period - Snap shot by Tyler Ennis.
0:15 of 1st period - Stopped by Matt Murray with a rebound.
0:17 of 1st period - Snap shot by Nazem Kadri.
0:17 of 1st period - Shot Blocked by Evgeny Grachev.
0:27 of 1st period - Ondrej Kase is hit by Alex Chiasson and loses puck.
0:36 of 1st period - Wrist shot by John Tavares.
0:36 of 1st period - Shot Misses the Net.
1:00 of 1st period - Snap shot by Brayden Point.
1:00 of 1st period - Shot Blocked by Paul Ladue.
1:10 of 1st period - Eric Tangradi is hit by Paul Ladue and loses puck.
1:55 of 1st period - Slapshot by Brayden Point.
1:55 of 1st period - Stopped by Matt Murray with a rebound.
2:13 of 1st period - Snap shot by Guillaume Latendresse.
2:13 of 1st period - Stopped by Jonathan Quick without a rebound.
2:14 of 1st period - John Tavares wins face-off versus Nazem Kadri in Devils zone.
2:35 of 1st period - John Tavares is hit by Tyler Ennis and loses puck.
2:47 of 1st period - Off-side.
2:48 of 1st period - Evgeny Kuznetsov wins face-off versus Sean Monahan in neutral zone.
2:56 of 1st period - Off-side.
2:57 of 1st period - Jonathan Drouin wins face-off versus Anton Lander in neutral zone.
3:06 of 1st period - Snap shot by Jonathan Drouin.
3:06 of 1st period - Shot Misses the Net.
3:08 of 1st period - Slapshot by John Tavares.
3:08 of 1st period - Shot Blocked by Matt Donovan.
3:28 of 1st period - Icing by Tyler Ennis.
3:29 of 1st period - Evgeny Kuznetsov wins face-off versus Nazem Kadri in Devils zone.
3:55 of 1st period - Snap shot by Nazem Kadri.
3:55 of 1st period - Stopped by Matt Murray with a rebound.
4:03 of 1st period - Wrist shot by Sven Baertschi.
4:03 of 1st period - Shot Misses the Net.
4:05 of 1st period - Slapshot by Matt Donovan.
4:05 of 1st period - Shot Blocked by Tyler Wotherspoon.
4:07 of 1st period - Slapshot by Logan Shaw.
4:07 of 1st period - Stopped by Matt Murray without a rebound.
4:08 of 1st period - Sean Monahan wins face-off versus Henrik Borgstrom in Stars zone.
4:17 of 1st period - Wrist shot by Sean Monahan.
4:17 of 1st period - Stopped by Matt Murray without a rebound.
4:18 of 1st period - Henrik Borgstrom wins face-off versus Sean Monahan in Stars zone.
4:18 of 1st period - Henrik Borgstrom is hit by Anton Stralman.
5:13 of 1st period - Wrist shot by Sean Monahan.
5:13 of 1st period - Shot Misses the Net.
5:21 of 1st period - Snap shot by Ondrej Kase.
5:21 of 1st period - Stopped by Matt Murray without a rebound.
5:22 of 1st period - John Tavares wins face-off versus Nazem Kadri in Stars zone.
5:48 of 1st period - Brandon Carlo is hit by Paul Ladue and loses puck.
6:35 of 1st period - Wrist shot by Jonathan Drouin.
6:35 of 1st period - Shot Blocked by Thomas Hickey.
6:37 of 1st period - Slapshot by Jonathan Drouin.
6:37 of 1st period - Stopped by Jonathan Quick with a rebound.
6:49 of 1st period - Slapshot by Logan Shaw.
6:49 of 1st period - Stopped by Matt Murray without a rebound.
6:50 of 1st period - Brayden Point wins face-off versus Evgeny Grachev in Stars zone.
6:55 of 1st period - Snap shot by Sven Baertschi.
6:55 of 1st period - Shot Misses the Net.
6:57 of 1st period - Wrist shot by Sven Baertschi.
6:57 of 1st period - Stopped by Matt Murray with a rebound.
7:13 of 1st period - Tyler Ennis is hit by Andrej Sustr and loses puck.
7:32 of 1st period - Eric Tangradi is hit by Ben Chiarot and loses puck.
7:37 of 1st period - Snap shot by Cam Atkinson.
7:37 of 1st period - Stopped by Jonathan Quick without a rebound.
7:38 of 1st period - Sven Baertschi wins face-off versus Guillaume Latendresse in Devils zone.
7:47 of 1st period - Snap shot by Brayden Point.
7:47 of 1st period - Stopped by Matt Murray with a rebound.
7:49 of 1st period - Slapshot by Kristopher Letang.
7:49 of 1st period - Deflect By Brian Lee.
7:49 of 1st period - Stopped by Matt Murray without a rebound.
7:50 of 1st period - Evgeny Grachev wins face-off versus Nazem Kadri in Stars zone.
8:05 of 1st period - Wrist shot by Nazem Kadri.
8:05 of 1st period - Goal by Nazem Kadri - Devils : 1 - Stars : 0.
8:06 of 1st period - John Tavares wins face-off versus Sean Monahan in neutral zone.
9:59 of 1st period - Snap shot by Jonathan Drouin.
9:59 of 1st period - Shot Misses the Net.
11:43 of 1st period - Michael Del Zotto is hit by Andrej Sustr and loses puck.
12:46 of 1st period - Anton Stralman is hit by Ben Chiarot and loses puck.
14:33 of 1st period - Nick Palmieri is hit by Jonathan Drouin and loses puck.
15:02 of 1st period - Minor Penalty to Evgeny Grachev for Holding.
15:03 of 1st period - Nazem Kadri wins face-off versus John Tavares in Stars zone.
15:04 of 1st period - Snap shot by Tyler Ennis.
15:04 of 1st period - Shot Blocked by John Tavares.
15:10 of 1st period - Snap shot by Nazem Kadri.
15:10 of 1st period - Shot Blocked by John Tavares.
15:12 of 1st period - Slapshot by Nazem Kadri.
15:12 of 1st period - Shot Misses the Net.
16:11 of 1st period - Snap shot by Tyler Ennis.
16:11 of 1st period - Goal by Tyler Ennis - Devils : 2 - Stars : 0.
16:12 of 1st period - Evgeny Grachev wins face-off versus Ondrej Kase in neutral zone.
18:12 of 1st period - Wrist shot by Tobias Rieder.
18:12 of 1st period - Shot Blocked by Anton Lander.
18:14 of 1st period - Slapshot by Ben Chiarot.
18:14 of 1st period - Stopped by Jonathan Quick without a rebound.
18:15 of 1st period - Evgeny Grachev wins face-off versus Nazem Kadri in Devils zone.
19:30 of 1st period - Snap shot by Nazem Kadri.
19:30 of 1st period - Stopped by Matt Murray without a rebound.
19:31 of 1st period - Nazem Kadri wins face-off versus Henrik Borgstrom in Stars zone.
19:53 of 1st period - Snap shot by Tobias Rieder.
19:53 of 1st period - Shot Misses the Net.
19:55 of 1st period - Snap shot by Henrik Borgstrom.
19:55 of 1st period - Stopped by Jonathan Quick with a rebound.
19:57 of 1st period - Wrist shot by Tobias Rieder.
19:57 of 1st period - Stopped by Jonathan Quick without a rebound.
19:58 of 1st period - Sean Monahan wins face-off versus Evgeny Grachev in Devils zone.
Goals for this period are 2 for Devils vs 0 for Stars.
Shots for this period are 15 for Devils vs 6 for Stars.
2nd period
0:01 of 2nd period - Evgeny Grachev wins face-off versus Nazem Kadri in neutral zone.
0:10 of 2nd period - Snap shot by Michael Grabner.
0:10 of 2nd period - Shot Blocked by Kristopher Letang.
2:43 of 2nd period - Snap shot by Michael Grabner.
2:43 of 2nd period - Stopped by Jonathan Quick with a rebound.
3:24 of 2nd period - Michael Del Zotto is hit by Boris Valabik.
3:28 of 2nd period - Snap shot by Andrew Ladd.
3:28 of 2nd period - Shot Misses the Net.
3:44 of 2nd period - Nail Yakupov is hit by Ben Chiarot and loses puck.
4:06 of 2nd period - Sven Baertschi is hit by Andrej Sustr and loses puck.
4:48 of 2nd period - Jonathan Drouin is hit by Michael Del Zotto and loses puck.
5:05 of 2nd period - Anton Stralman is hit by Andrej Sustr and loses puck.
5:42 of 2nd period - Icing by Cam Atkinson.
5:43 of 2nd period - Henrik Borgstrom wins face-off versus Anton Lander in Stars zone.
6:31 of 2nd period - Slapshot by Eric Tangradi.
6:31 of 2nd period - Shot Misses the Net.
6:39 of 2nd period - Wrist shot by Michael Grabner.
6:39 of 2nd period - Stopped by Jonathan Quick with a rebound.
6:41 of 2nd period - Slapshot by Guillaume Latendresse.
6:41 of 2nd period - Shot Misses the Net.
7:11 of 2nd period - Tyler Ennis is hit by Ben Chiarot and loses puck.
7:34 of 2nd period - Snap shot by Nazem Kadri.
7:34 of 2nd period - Shot Misses the Net.
8:06 of 2nd period - Icing by Thomas Hickey.
8:07 of 2nd period - Guillaume Latendresse wins face-off versus Nazem Kadri in Devils zone.
8:36 of 2nd period - Wrist shot by Sean Monahan.
8:36 of 2nd period - Stopped by Matt Murray with a rebound.
9:20 of 2nd period - Slapshot by Michael Grabner.
9:20 of 2nd period - Shot Misses the Net.
9:24 of 2nd period - Wrist shot by Evgeny Grachev.
9:24 of 2nd period - Stopped by Jonathan Quick with a rebound.
9:36 of 2nd period - Snap shot by Michael Del Zotto.
9:36 of 2nd period - Shot Blocked by Evgeny Kuznetsov.
10:57 of 2nd period - Wrist shot by Alex Chiasson.
10:57 of 2nd period - Goal by Alex Chiasson - Devils : 2 - Stars : 1.
10:58 of 2nd period - Evgeny Grachev wins face-off versus Nazem Kadri in neutral zone.
11:09 of 2nd period - Nick Palmieri is hit by Evgeny Grachev and loses puck.
11:37 of 2nd period - Snap shot by Sean Monahan.
11:37 of 2nd period - Stopped by Matt Murray with a rebound.
11:39 of 2nd period - Snap shot by Jonathan Huberdeau.
11:39 of 2nd period - Goal by Jonathan Huberdeau - Devils : 3 - Stars : 1.
11:40 of 2nd period - Nazem Kadri wins face-off versus Evgeny Grachev in neutral zone.
12:09 of 2nd period - Icing by Jonathan Huberdeau.
12:10 of 2nd period - Sean Monahan wins face-off versus John Tavares in Devils zone.
12:28 of 2nd period - Off-side.
12:29 of 2nd period - Nazem Kadri wins face-off versus Michael Grabner in neutral zone.
12:49 of 2nd period - Nick Palmieri is hit by Guillaume Latendresse.
13:04 of 2nd period - Off-side.
13:05 of 2nd period - Sean Monahan wins face-off versus John Tavares in neutral zone.
13:10 of 2nd period - Slapshot by Ondrej Kase.
13:10 of 2nd period - Deflect By Jonathan Drouin.
13:10 of 2nd period - Stopped by Matt Murray with a rebound.
13:57 of 2nd period - Minor Penalty to Andrew Ladd for Tripping.
13:58 of 2nd period - Nazem Kadri wins face-off versus John Tavares in Stars zone.
14:01 of 2nd period - Slapshot by Nazem Kadri.
14:01 of 2nd period - Shot Misses the Net.
14:03 of 2nd period - Slapshot by Michael Del Zotto.
14:03 of 2nd period - Stopped by Matt Murray with a rebound.
14:50 of 2nd period - Jonathan Drouin is hit by Tyler Ennis and loses puck.
14:55 of 2nd period - Wrist shot by Nazem Kadri.
14:55 of 2nd period - Shot Blocked by Paul Ladue.
15:20 of 2nd period - Slapshot by Kristopher Letang.
15:20 of 2nd period - Shot Misses the Net.
15:28 of 2nd period - Slapshot by Tyler Ennis.
15:28 of 2nd period - Shot Misses the Net.
15:52 of 2nd period - Wrist shot by Nazem Kadri.
15:52 of 2nd period - Deflect By Tyler Ennis.
15:52 of 2nd period - Shot Blocked by John Tavares.
15:52 of 2nd period - Puck is out of play.
15:53 of 2nd period - John Tavares wins face-off versus Sean Monahan in Stars zone.
15:57 of 2nd period - Penalty to Andrew Ladd is over, Andrew Ladd is back on ice.
16:02 of 2nd period - Slapshot by Matt Donovan.
16:02 of 2nd period - Shot Misses the Net.
16:04 of 2nd period - Snap shot by Jonathan Huberdeau.
16:04 of 2nd period - Shot Blocked by Boris Valabik.
16:06 of 2nd period - Wrist shot by Ondrej Kase.
16:06 of 2nd period - Shot Misses the Net.
16:50 of 2nd period - Wrist shot by Nail Yakupov.
16:50 of 2nd period - Stopped by Matt Murray without a rebound.
16:51 of 2nd period - Jonathan Huberdeau wins face-off versus Evgeny Kuznetsov in Stars zone.
17:37 of 2nd period - Icing by Anton Lander.
17:38 of 2nd period - Jonathan Drouin wins face-off versus Sean Monahan in Devils zone.
17:43 of 2nd period - Wrist shot by Jonathan Drouin.
17:43 of 2nd period - Stopped by Jonathan Quick with a rebound.
19:22 of 2nd period - Logan Shaw is hit by Paul Ladue and loses puck.
19:45 of 2nd period - Evgeny Kuznetsov is hit by Michael Del Zotto and loses puck.
Goals for this period are 1 for Devils vs 1 for Stars.
Shots for this period are 6 for Devils vs 5 for Stars.
3rd period
0:01 of 3rd period - Michael Grabner wins face-off versus Nazem Kadri in neutral zone.
0:08 of 3rd period - Snap shot by Michael Grabner.
0:08 of 3rd period - Shot Hit the Post.
0:10 of 3rd period - Snap shot by Evgeny Grachev.
0:10 of 3rd period - Stopped by Jonathan Quick with a rebound.
0:12 of 3rd period - Snap shot by Michael Grabner.
0:12 of 3rd period - Stopped by Jonathan Quick without a rebound.
0:13 of 3rd period - Nick Palmieri wins face-off versus Evgeny Grachev in Devils zone.
0:20 of 3rd period - Snap shot by Tyler Ennis.
0:20 of 3rd period - Stopped by Matt Murray with a rebound.
0:26 of 3rd period - Slapshot by Andrej Sustr.
0:26 of 3rd period - Deflect By Guillaume Latendresse.
0:26 of 3rd period - Stopped by Jonathan Quick with a rebound.
0:28 of 3rd period - Snap shot by Guillaume Latendresse.
0:28 of 3rd period - Shot Misses the Net.
0:40 of 3rd period - Boris Valabik is hit by Sean Monahan and loses puck.
0:49 of 3rd period - Snap shot by Jonathan Huberdeau.
0:49 of 3rd period - Stopped by Matt Murray without a rebound.
0:50 of 3rd period - Sean Monahan wins face-off versus Evgeny Grachev in Stars zone.
1:05 of 3rd period - Wrist shot by Sean Monahan.
1:05 of 3rd period - Shot Misses the Net.
1:17 of 3rd period - Nazem Kadri is hit by Ben Chiarot and loses puck.
1:28 of 3rd period - Snap shot by Tyler Ennis.
1:28 of 3rd period - Stopped by Matt Murray without a rebound.
1:29 of 3rd period - Brayden Point wins face-off versus Andrew Ladd in Stars zone.
1:42 of 3rd period - Boris Valabik is hit by Matt Donovan and loses puck.
3:25 of 3rd period - Nick Palmieri is hit by Michael Grabner and loses puck.
3:45 of 3rd period - Snap shot by Tobias Rieder.
3:45 of 3rd period - Stopped by Jonathan Quick with a rebound.
3:47 of 3rd period - Slapshot by Brian Lee.
3:47 of 3rd period - Shot Blocked by Brayden Point.
3:49 of 3rd period - Slapshot by Tyler Wotherspoon.
3:49 of 3rd period - Stopped by Jonathan Quick without a rebound.
3:50 of 3rd period - Nazem Kadri wins face-off versus Evgeny Grachev in Devils zone.
3:50 of 3rd period - Nazem Kadri is hit by Guillaume Latendresse.
3:56 of 3rd period - Evgeny Grachev is hit by Nick Palmieri and loses puck.
4:03 of 3rd period - Backhand shot by Nick Palmieri.
4:03 of 3rd period - Stopped by Matt Murray with a rebound.
4:05 of 3rd period - Backhand shot by Michael Del Zotto.
4:05 of 3rd period - Shot Blocked by Evgeny Grachev.
4:15 of 3rd period - Ondrej Kase is hit by John Tavares and loses puck.
4:33 of 3rd period - Icing by Ondrej Kase.
4:34 of 3rd period - Evgeny Kuznetsov wins face-off versus Sean Monahan in Devils zone.
4:54 of 3rd period - Wrist shot by Sean Monahan.
4:54 of 3rd period - Shot Misses the Net.
5:10 of 3rd period - Snap shot by John Tavares.
5:10 of 3rd period - Shot Misses the Net.
5:18 of 3rd period - Wrist shot by Nazem Kadri.
5:18 of 3rd period - Shot Misses the Net.
5:20 of 3rd period - Snap shot by Nick Palmieri.
5:20 of 3rd period - Goal by Nick Palmieri - Devils : 4 - Stars : 1.
5:21 of 3rd period - Nazem Kadri wins face-off versus Evgeny Grachev in neutral zone.
5:28 of 3rd period - Wrist shot by Nick Palmieri.
5:28 of 3rd period - Stopped by Matt Murray with a rebound.
5:48 of 3rd period - Sven Baertschi is hit by Ben Chiarot.
5:56 of 3rd period - Sven Baertschi is hit by Jonathan Drouin and loses puck.
6:13 of 3rd period - Andrej Sustr is hit by Sean Monahan and loses puck.
6:52 of 3rd period - Wrist shot by Evgeny Grachev.
6:52 of 3rd period - Stopped by Jonathan Quick with a rebound.
6:54 of 3rd period - Backhand shot by Guillaume Latendresse.
6:54 of 3rd period - Shot Misses the Net.
6:56 of 3rd period - Wrist shot by Michael Grabner.
6:56 of 3rd period - Stopped by Jonathan Quick with a rebound.
6:58 of 3rd period - Slapshot by Brian Lee.
6:58 of 3rd period - Shot Blocked by Tyler Ennis.
7:00 of 3rd period - Wrist shot by Michael Grabner.
7:00 of 3rd period - Stopped by Jonathan Quick without a rebound.
7:01 of 3rd period - John Tavares wins face-off versus Brayden Point in Devils zone.
7:31 of 3rd period - Icing by Sean Monahan.
7:32 of 3rd period - Sean Monahan wins face-off versus Evgeny Grachev in Devils zone.
7:47 of 3rd period - Wrist shot by Evgeny Grachev.
7:47 of 3rd period - Stopped by Jonathan Quick with a rebound.
7:59 of 3rd period - Ondrej Kase is hit by Guillaume Latendresse.
8:03 of 3rd period - Snap shot by Michael Grabner.
8:03 of 3rd period - Shot Blocked by Jonathan Huberdeau.
8:11 of 3rd period - Boris Valabik is hit by Thomas Hickey and loses puck.
8:31 of 3rd period - Snap shot by Ondrej Kase.
8:31 of 3rd period - Shot Misses the Net.
9:42 of 3rd period - Brandon Carlo is hit by Evgeny Grachev and loses puck.
9:47 of 3rd period - Wrist shot by Evgeny Grachev.
9:47 of 3rd period - Deflect By Michael Del Zotto.
9:47 of 3rd period - Stopped by Jonathan Quick with a rebound.
10:07 of 3rd period - Wrist shot by Michael Grabner.
10:07 of 3rd period - Deflect By Jonathan Huberdeau.
10:07 of 3rd period - Shot Blocked by Michael Del Zotto.
10:07 of 3rd period - Puck is out of play.
10:08 of 3rd period - Nazem Kadri wins face-off versus John Tavares in Devils zone.
11:12 of 3rd period - Icing by Matt Donovan.
11:13 of 3rd period - John Tavares wins face-off versus Anton Lander in Devils zone.
11:22 of 3rd period - Wrist shot by Jonathan Drouin.
11:22 of 3rd period - Shot Misses the Net.
11:30 of 3rd period - Wrist shot by Anton Lander.
11:30 of 3rd period - Stopped by Matt Murray without a rebound.
11:31 of 3rd period - Nazem Kadri wins face-off versus Cam Atkinson in Stars zone.
11:55 of 3rd period - Brian Lee is hit by Nick Palmieri and loses puck.
12:14 of 3rd period - Brian Lee is hit by Nick Palmieri and loses puck.
12:21 of 3rd period - Snap shot by Tyler Ennis.
12:21 of 3rd period - Stopped by Matt Murray without a rebound.
12:22 of 3rd period - Brayden Point wins face-off versus John Tavares in Stars zone.
12:37 of 3rd period - Wrist shot by John Tavares.
12:37 of 3rd period - Shot Misses the Net.
12:49 of 3rd period - Andrej Sustr is hit by Eric Tangradi and loses puck.
13:00 of 3rd period - Snap shot by Nail Yakupov.
13:00 of 3rd period - Shot Misses the Net.
13:02 of 3rd period - Wrist shot by Eric Tangradi.
13:02 of 3rd period - Stopped by Matt Murray with a rebound.
13:34 of 3rd period - Alex Chiasson is hit by Jonathan Huberdeau and loses puck.
15:29 of 3rd period - Brandon Carlo is hit by John Tavares and loses puck.
16:07 of 3rd period - Icing by Boris Valabik.
16:08 of 3rd period - Cam Atkinson wins face-off versus Anton Lander in Stars zone.
16:17 of 3rd period - Snap shot by Andrew Ladd.
16:17 of 3rd period - Stopped by Jonathan Quick with a rebound.
16:19 of 3rd period - Snap shot by Cam Atkinson.
16:19 of 3rd period - Shot Blocked by Matt Donovan.
16:21 of 3rd period - Slapshot by Andrej Sustr.
16:21 of 3rd period - Deflect By Eric Tangradi.
16:21 of 3rd period - Stopped by Jonathan Quick with a rebound.
16:35 of 3rd period - Snap shot by Eric Tangradi.
16:35 of 3rd period - Stopped by Matt Murray without a rebound.
16:36 of 3rd period - Evgeny Grachev wins face-off versus Nick Palmieri in Stars zone.
16:51 of 3rd period - Snap shot by Nazem Kadri.
16:51 of 3rd period - Deflect By Nick Palmieri.
16:51 of 3rd period - Shot Misses the Net.
16:51 of 3rd period - Puck is out of play.
16:52 of 3rd period - Logan Shaw wins face-off versus John Tavares in Stars zone.
16:59 of 3rd period - Snap shot by Sven Baertschi.
16:59 of 3rd period - Shot Misses the Net.
17:01 of 3rd period - Wrist shot by Logan Shaw.
17:01 of 3rd period - Shot Blocked by Ben Chiarot.
17:05 of 3rd period - Wrist shot by Anton Stralman.
17:05 of 3rd period - Shot Blocked by Paul Ladue.
17:07 of 3rd period - Wrist shot by Sven Baertschi.
17:07 of 3rd period - Stopped by Matt Murray with a rebound.
17:19 of 3rd period - Icing by Ben Chiarot.
17:20 of 3rd period - Sean Monahan wins face-off versus John Tavares in Stars zone.
17:21 of 3rd period - Wrist shot by Jonathan Huberdeau.
17:21 of 3rd period - Stopped by Matt Murray without a rebound.
17:22 of 3rd period - Michael Grabner wins face-off versus Sean Monahan in Stars zone.
17:55 of 3rd period - Snap shot by Tyler Ennis.
17:55 of 3rd period - Shot Misses the Net.
18:36 of 3rd period - Brayden Point is hit by Andrej Sustr and loses puck.
18:59 of 3rd period - Wrist shot by Scott Kosmachuck.
18:59 of 3rd period - Stopped by Jonathan Quick without a rebound.
19:00 of 3rd period - Nazem Kadri wins face-off versus Evgeny Grachev in Devils zone.
19:11 of 3rd period - Snap shot by Nazem Kadri.
19:11 of 3rd period - Shot Misses the Net.
19:58 of 3rd period - Wrist shot by Evgeny Kuznetsov.
19:58 of 3rd period - Stopped by Jonathan Quick with a rebound.
Goals for this period are 1 for Devils vs 0 for Stars.
Shots for this period are 12 for Devils vs 14 for Stars.